 Dungeon Crawl Stone Soup version 0.29-a0-356-g7bc237e783 (webtiles) character file.

Game seed: 14271417865721075033

325 spaghetti the Magician (level 6, -10/44 HPs)
             Began as a Gnoll Wanderer on Apr 25, 2022.
             Mangled by an ogre
             ... wielding a +0 giant spiked club
              (26 damage)
             ... on level 4 of the Dungeon.
             The game lasted 00:12:26 (4460 turns).

spaghetti the Magician (Gnoll Wanderer)             Turns: 4460, Time: 00:12:27

Health: -10/44     AC:  6    Str: 11    XL:     6   Next: 48%
Magic:  10/16      EV:  9    Int: 17    God:
Gold:   109        SH:  0    Dex:  8    Spells: 15/19 levels left

rFire   . . .      SeeInvis .     - Unarmed
rCold   . . .      Faith    .   (no shield)
rNeg    . . .      Spirit   .   c - +0 scale mail
rPois   .          Reflect  .   (no helmet)
rElec   .          Harm     .   (no cloak)
rCorr   .          Rampage  .   (no gloves)
Will    .....      Rage     1%  (no boots)
Stlth   ..........              (no amulet)
HPRegen 0.14/turn               (no ring)
MPRegen 0.15/turn               (no ring)

@: very slightly contaminated
A: fangs 1, strong nose, distributed training, claws 1, berserk 1, subdued magic
1
a: no special abilities


You were on level 4 of the Dungeon.
You visited 1 branch of the dungeon, and saw 4 of its levels.

You collected 137 gold pieces.
You spent 28 gold pieces at shops.


Innate Abilities, Weirdness & Mutations

You have very sharp teeth.
Your uncanny sense of smell can sniff out nearby items.
Your experience applies equally to all skills.
You have sharp fingernails.
You tend to lose your temper in combat.
Your spells are a little easier to cast, but a little less powerful.


   Skills:
 + Level 2.0 Fighting
 + Level 2.0 Short Blades
 + Level 2.0 Long Blades
 + Level 2.0 Axes
 + Level 2.0 Maces & Flails
 + Level 2.0 Polearms
 + Level 2.0 Staves
 + Level 2.0 Slings
 + Level 2.0 Bows
 + Level 2.0 Crossbows
 + Level 2.0 Throwing
 + Level 3.2 Armour
 + Level 2.0 Dodging
 + Level 2.0 Stealth
 + Level 2.0 Shields
 + Level 2.0 Unarmed Combat
 + Level 7.4 Spellcasting
 + Level 1.5 Conjurations
 + Level 1.5 Hexes
 + Level 5.6 Summonings
 + Level 1.5 Necromancy
 + Level 1.5 Translocations
 + Level 1.5 Transmutations
 + Level 1.5 Fire Magic
 + Level 1.5 Ice Magic
 + Level 4.1 Air Magic
 + Level 1.5 Earth Magic
 + Level 1.5 Poison Magic
 + Level 2.2 Invocations
 + Level 3.2 Evocations


You had 15 spell levels left.
You knew the following spells:

 Your Spells              Type           Power      Damage    Failure   Level
a - Summon Small Mammal   Summ           76%        N/A       4%          1
b - Call Canine Familiar  Summ           19%        N/A       16%         3

Your spell library contained the following spells:

 Spells                   Type           Power      Damage    Failure   Level
 Shock                    Conj/Air       48%        1d6       16%         1
 Freeze                   Ice            32%        1d5       28%         1
 Magic Dart               Conj           32%        1d4       28%         1
 Swiftness                Air            15%        N/A       28%         3
 Searing Ray              Conj           16%        2d5       38%         2
 Summon Lightning Spire   Summ/Air       17%        N/A       58%         4
 Frozen Ramparts          Ice            16%        1d3       63%         3
 Fulminant Prism          Conj/Hex       4%         3d6       96%         4
 Hailstorm                Conj/Ice       8%         3d4       96%         4

Inventory:

Hand Weapons
 a - a +0 club {mace}
 d - a +1 vorpal hunting sling {sling}
   (You found it on level 1 of the Dungeon)
 o - a +0 battleaxe {axe}
   (You found it on level 4 of the Dungeon)
 s - a +0 hunting sling of freezing {sling}
   (You took it off a goblin on level 2 of the Dungeon)
 v - a +0 hand axe {axe}
   (You found it on level 3 of the Dungeon)
 x - a +0 club {mace}
   (You took it off a goblin on level 3 of the Dungeon)
 y - a +0 dagger {short}
   (You took it off a goblin on level 3 of the Dungeon)
 z - a +0 dagger {short}
   (You found it on level 3 of the Dungeon)
 B - a +0 long sword {long}
   (You found it on level 3 of the Dungeon)
 C - a +0 dagger {short}
   (You found it on level 3 of the Dungeon)
 E - a +0 dagger {short}
   (You took it off a goblin on level 3 of the Dungeon)
 F - a +0 dagger {short}
   (You took it off an orc wizard on level 3 of the Dungeon)
 H - a +0 club {mace}
   (You took it off an orc on level 3 of the Dungeon)
 I - a +0 club {mace}
   (You took it off an orc on level 3 of the Dungeon)
 J - a +0 club {mace}
   (You took it off an orc on level 3 of the Dungeon)
 K - a +0 hand axe {axe}
   (You took it off an orc on level 3 of the Dungeon)
 N - a +0 dagger {short}
   (You took it off an orc wizard on level 4 of the Dungeon)
 O - a +0 dagger {short}
   (You took it off an orc on level 4 of the Dungeon)
 P - a +0 dagger {short}
   (You took it off an orc wizard on level 4 of the Dungeon)
 Q - a +0 club {mace}
   (You took it off a kobold on level 4 of the Dungeon)
 R - a +0 whip {mace}
   (You took it off an orc on level 4 of the Dungeon)
 S - a +0 club {mace}
   (You took it off an orc on level 4 of the Dungeon)
Missiles
 g - 105 stones {throwing}
 n - a throwing net {=f!fthrowing}
Armour
 c - a +0 scale mail (worn)
 G - the +1 Delatra's gloves {ID++}
   (You found it on level 3 of the Dungeon)

   It heals its wearer when they drink unknown potions.
   It restores its wearer's MP when they read unknown scrolls.
Jewellery
 j - an amulet of magic regeneration {@e2}
   (You found it on level 1 of the Dungeon)
Wands
 r - a wand of flame (6)
   (You found it on level 2 of the Dungeon)
Scrolls
 b - a scroll of fear
 e - 2 scrolls of fog {unknown}
 f - 3 scrolls of teleportation {@r4}
 h - a scroll of silence {unknown}
 k - 4 scrolls of vulnerability {unknown}
 l - a scroll of magic mapping {unknown}
 m - a scroll of torment {unknown}
 t - 3 scrolls of identify {@r1}
 u - 2 scrolls of immolation {unknown}
 A - a scroll of brand weapon {unknown}
 D - a scroll of enchant armour {unknown}
Potions
 i - a potion of mutation {!q}
 q - a potion of curing {@q1}
 w - a potion of attraction {unknown}
 L - a potion of berserk rage {unknown}
 M - a potion of magic {unknown}

Dungeon Overview and Level Annotations

Branches:
Dungeon (4/15)
 Temple: D:4-7

Altars:
Yredelemnul

Shops:
D:1 !? D:2

( #..........#.# #
#.###.#......#
.#.#...#.##.###
.....#...##.### #
##.#..........##.#
# ###...........#
..........#.##.#
##.##.##.h.....#
#. #.##@##.#### #
#.##O# .# #.....
####..# 8..8 .>...
..... #8..8#.


You could see an ogre (ally target) and a friendly hound (summoned).


Message History

You take 2 damage, and now have 37/44 hp.
You completely miss the ufetubus.
The ufetubus hits you but does no damage. x2
You miss the ufetubus. Your bite misses the ufetubus.
The ufetubus hits you but does no damage.
The ufetubus misses you. The ufetubus barely misses you.
The ufetubus hits you. 😕 HP[-1]
You take 1 damage, and now have 36/44 hp.
Unknown command.
You claw the ufetubus!
You kill the ufetubus!
o - a +0 battleaxe {axe} A ball python comes into view.
Found a stone staircase leading down.
The ball python hisses angrily.
An adder comes into view.
An iguana comes into view. 😎 HP[+8]
Your hp is fully restored (44).
There are monsters nearby!
There are monsters nearby!
There are monsters nearby!
The iguana hisses angrily.
The adder hisses angrily.
You barely miss the ball python. The ball python barely misses you. x2
An ogre comes into view. It is wielding a +0 giant spiked club.
You scratch the ball python.
You kill the ball python!
The adder bites you but does no damage.
You claw the adder! The adder closely misses you.
You completely miss the adder. The adder bites you but does no damage.
You scratch the adder.
You kill the adder!
You scratch the iguana. The iguana bites you. 😕 HP[-5]
You take 5 damage, and now have 39/44 hp.
You are too injured to fight recklessly!
You are too injured to fight recklessly!
You are too injured to fight recklessly!
You are too injured to fight recklessly!
You are too injured to fight recklessly!
You are too injured to fight recklessly!
You are too injured to fight recklessly!
You are too injured to fight recklessly!
You are too injured to fight recklessly!
You are too injured to fight recklessly!
You are too injured to fight recklessly!
You are too injured to fight recklessly!
You are too injured to fight recklessly!
You are too injured to fight recklessly!
You are too injured to fight recklessly!
You are too injured to fight recklessly!
You are too injured to fight recklessly!
You scratch the iguana but do no damage.
The iguana barely misses you. 😕 HP[+1]
You scratch the iguana. The iguana bites you. 😕 HP[-4]
You take 4 damage, and now have 36/44 hp.
You scratch the iguana. The iguana completely misses you.
You scratch the iguana.
You kill the iguana!
Your Fighting skill increases to level 2!
Your Short Blades skill increases to level 2!
Your Long Blades skill increases to level 2!
Your Axes skill increases to level 2!
Your Maces & Flails skill increases to level 2!
Your Polearms skill increases to level 2!
Your Staves skill increases to level 2!
Your Slings skill increases to level 2!
Your Bows skill increases to level 2!
Your Crossbows skill increases to level 2!
Your Throwing skill increases to level 2!
Your Dodging skill increases to level 2!
Your Stealth skill increases to level 2!
Your Shields skill increases to level 2!
Your Unarmed Combat skill increases to level 2!
You barely miss the ogre. Your bite misses the ogre.
The ogre barely misses you.
You scratch the ogre. You scratch the ogre. The ogre barely misses you.
You scratch the ogre but do no damage. The ogre misses you.
You barely miss the ogre. 😕 HP[+1]
You scratch the ogre but do no damage. The ogre barely misses you.
You scratch the ogre but do no damage. You bite the ogre, but do no damage.
The ogre hits you with a +0 giant spiked club!!
* * * LOW HITPOINT WARNING * * *
😨 HP[-21]
You take 21 damage, and now have 16/44 hp.
MASSIVE DAMAGE!! (PAUSE)
Casting: Call Canine Familiar (dangerous; 16% risk of failure)
Confirm with . or Enter, or press ? or * to list all spells.
You miscast Call Canine Familiar.
You are very lightly contaminated with residual magic.
Nothing appears to happen. 😨 MP[-3]
You lost 3 mp, and now have 13/16 mp.
Casting: Call Canine Familiar (dangerous; 16% risk of failure)
Confirm with . or Enter, or press ? or * to list all spells.
The ogre hits you with a +0 giant spiked club!!
Ouch! That really hurt!
You die...

Skill      XL: |  1  2  3  4  5  6 |
---------------+-------------------+-----
Fighting       | 1 2 |  2.0
Short Blades   | 1 2 |  2.0
Long Blades    | 1 2 |  2.0
Axes           | 1 2 |  2.0
Maces & Flails | 1 2 |  2.0
Polearms       | 1 2 |  2.0
Staves         | 1 2 |  2.0
Slings         | 1 2 |  2.0
Bows           | 1 2 |  2.0
Crossbows      | 1 2 |  2.0
Throwing       | 1 2 |  2.0
Dodging        | 1 2 |  2.0
Stealth        | 1 2 |  2.0
Shields        | 1 2 |  2.0
Unarmed Combat | 1 2 |  2.0
Conjurations   | 1 |  1.5
Hexes          | 1 |  1.5
Necromancy     | 1 |  1.5
Translocations | 1 |  1.5
Transmutations | 1 |  1.5
Fire Magic     | 1 |  1.5
Ice Magic      | 1 |  1.5
Earth Magic    | 1 |  1.5
Poison Magic   | 1 |  1.5
Invocations    | 1 2 |  2.2
Armour         | 3 |  3.2
Evocations     | 3 |  3.2
Air Magic      | 4 |  4.1
Spellcasting   | |  7.4
Summonings     | |  5.6

Action                   |  1- 3 |  4- 6 || total
-------------------------+-------+-------++-------
Melee: Club              |    16 |     4 ||    20
       Unarmed           |       |   145 ||   145
       Bite              |       |    13 ||    13
 Fire: Hunting sling     |   103 |       ||   103
 Cast: Call Canine Famil |     4 |    12 ||    16
       Summon Small Mamm |     3 |     4 ||     7
  Use: Scroll            |     1 |       ||     1
       Potion            |       |     6 ||     6
Armor: Scale mail        |    66 |    90 ||   156
Dodge: Dodged            |    51 |    76 ||   127

Levels and vault maps discovered:
D:1:      dpeg_arrival_more_subterranean_lakeside_camping, layout_basic,
          shapermc_ecumenical_altar_mp_urbaneastern, serial_shops, shop, shop,
          minivault_4, roderic_filled_cross, minmay_misc_feat_plants
D:2:      layout_loops_cross, serial_shops, shop_statue
D:3:      layout_basic, mainiacjoe_overflow_paths, pf_guarded_unrand_delatra
D:4:      layout_loops_cross, minmay_temple_entry_nine_rooms, st_stairs_6,
          minmay_fire_ice_demons, uniq_edmund, uniq_duvessa

Notes
Turn   | Place    | Note
-------+----------+-------------------------------------------
     0 | D:1      | spaghetti the Gnoll Wanderer began the quest for the Orb.
     0 | D:1      | spaghetti set off with the following items: a +0 club
                  | {mace}, a scroll of fear, a +0 scale mail; and the
                  | following spells available to memorise: Summon Small
                  | Mammal, Call Canine Familiar, Shock, Swiftness, Summon
                  | Lightning Spire
     0 | D:1      | Reached XP level 1. HP: 13/13 MP: 8/8
     0 | D:1      | magus.rc [v1.9.6]
   212 | D:1      | Found Resilin's Magic Scroll Boutique.
   215 | D:1      | Learned a level 1 spell: Summon Small Mammal
   350 | D:1      | Bought a scroll of identify for 28 gold pieces
   600 | D:1      | Found Roypyxi's Distillery.
   790 | D:1      | Reached XP level 2. HP: 19/19 MP: 10/10
   975 | D:1      | Found a faded altar of an unknown god.
  1658 | D:2      | HP: 3/20 [hobgoblin (4)]
  2092 | D:2      | You pick up a book of Conjurations {@e2} and begin
                  | reading...
  2092 | D:2      | You add the spells Magic Dart, Searing Ray and Fulminant
                  | Prism to your library.
  2110 | D:2      | You pick up a book of Frost and begin reading...
  2110 | D:2      | You add the spells Freeze, Frozen Ramparts and Hailstorm to
                  | your library.
  2308 | D:2      | Found Emof Bif's Antique Weapon Emporium.
  2310 | D:2      | Reached XP level 3. HP: 25/25 MP: 11/11
  2321 | D:2      | Learned a level 3 spell: Call Canine Familiar
  2664 | D:3      | Noticed a necrophage
  2678 | D:3      | Killed a necrophage
  2679 | D:3      | Reached skill level 1 in Fighting
  2679 | D:3      | Reached skill level 1 in Short Blades
  2679 | D:3      | Reached skill level 1 in Long Blades
  2679 | D:3      | Reached skill level 1 in Axes
  2679 | D:3      | Reached skill level 1 in Maces & Flails
  2679 | D:3      | Reached skill level 1 in Polearms
  2679 | D:3      | Reached skill level 1 in Staves
  2679 | D:3      | Reached skill level 1 in Slings
  2679 | D:3      | Reached skill level 1 in Bows
  2679 | D:3      | Reached skill level 1 in Crossbows
  2679 | D:3      | Reached skill level 1 in Throwing
  2679 | D:3      | Reached skill level 1 in Dodging
  2679 | D:3      | Reached skill level 1 in Stealth
  2679 | D:3      | Reached skill level 1 in Shields
  2679 | D:3      | Reached skill level 1 in Unarmed Combat
  2679 | D:3      | Reached skill level 1 in Conjurations
  2679 | D:3      | Reached skill level 1 in Hexes
  2679 | D:3      | Reached skill level 1 in Necromancy
  2679 | D:3      | Reached skill level 1 in Translocations
  2679 | D:3      | Reached skill level 1 in Transmutations
  2679 | D:3      | Reached skill level 1 in Fire Magic
  2679 | D:3      | Reached skill level 1 in Ice Magic
  2679 | D:3      | Reached skill level 1 in Earth Magic
  2679 | D:3      | Reached skill level 1 in Poison Magic
  2679 | D:3      | Reached skill level 1 in Invocations
  2679 | D:3      | Reached XP level 4. HP: 13/32 MP: 7/13
  2683 | D:3      | HP: 7/32 [hobgoblin (2)]
  2684 | D:3      | Gained mutation: You have sharp fingernails. [potion of
                  | mutation]
  2684 | D:3      | Gained mutation: Your spells are a little easier to cast,
                  | but a little less powerful. [potion of mutation]
  2684 | D:3      | Gained mutation: You tend to lose your temper in combat.
                  | [potion of mutation]
  2874 | D:3      | Reached XP level 5. HP: 36/37 MP: 12/14
  3214 | D:3      | Found a basalt altar of Yredelemnul.
  3331 | D:3      | Found the +1 Delatra's gloves {ID++}
  3351 | D:3      | Reached skill level 3 in Armour
  3351 | D:3      | Reached skill level 3 in Evocations
  3767 | D:4      | Reached skill level 4 in Air Magic
  4058 | D:4      | HP: 7/38 [scorpion (4)]
  4064 | D:4      | HP: 5/38 [scorpion (4)]
  4064 | D:4      | HP: 1/38 [scorpion (4)]
  4070 | D:4      | HP: 6/38 [scorpion (5)]
  4077 | D:4      | Reached skill level 2 in Invocations
  4077 | D:4      | Reached XP level 6. HP: 12/44 MP: 9/16
  4452 | D:4      | Reached skill level 2 in Fighting
  4452 | D:4      | Reached skill level 2 in Short Blades
  4452 | D:4      | Reached skill level 2 in Long Blades
  4452 | D:4      | Reached skill level 2 in Axes
  4452 | D:4      | Reached skill level 2 in Maces & Flails
  4452 | D:4      | Reached skill level 2 in Polearms
  4452 | D:4      | Reached skill level 2 in Staves
  4452 | D:4      | Reached skill level 2 in Slings
  4452 | D:4      | Reached skill level 2 in Bows
  4452 | D:4      | Reached skill level 2 in Crossbows
  4452 | D:4      | Reached skill level 2 in Throwing
  4452 | D:4      | Reached skill level 2 in Dodging
  4452 | D:4      | Reached skill level 2 in Stealth
  4452 | D:4      | Reached skill level 2 in Shields
  4452 | D:4      | Reached skill level 2 in Unarmed Combat
  4460 | D:4      | Mangled by an ogre

Vanquished Creatures
  An iguana (D:4)
  2 orc wizards
  2 adders
  An ufetubus (D:4)
  2 worms
  A dart slug (D:1)
  7 orcs
  An endoplasm (D:3)
  4 goblins
  3 hobgoblins
  A quokka (D:2)
  3 ball pythons
  A bat (D:3)
  3 frilled lizards
  2 kobolds (D:1)
  2 rats
36 creatures vanquished.

Vanquished Creatures (collateral kills)
  A necrophage (D:3)
  A scorpion (D:4)
  An orc wizard (D:4)
  2 adders
  2 worms
  A dart slug (D:3)
  A bat (D:3)
  An endoplasm (D:3)
  A goblin (D:3)
  2 hobgoblins (D:3)
  A kobold (D:4)
  A quokka (D:3)
  2 rats (D:3)
17 creatures vanquished.

Vanquished Creatures (others)
  A fungus (D:1)
  2 plants (D:1)
3 creatures vanquished.

Grand Total: 56 creatures vanquished

Table legend:
 A = Non-vault XP
 B = Vault XP
 C = Vault XP percentage of total XP
 D = Non-vault monster count
 E = Vault monster count
 F = Vault count percentage of total count
                 A         B        C        D         E       F
            +---------+---------+-------+---------+---------+-------
      Total |     380 |      85 |  18.3 |      46 |       7 |  13.2
            +---------+---------+-------+---------+---------+-------
        D:1 |      12 |       0 |   0.0 |       8 |       0 |   0.0
        D:2 |      28 |       0 |   0.0 |       8 |       0 |   0.0
        D:3 |     139 |      47 |  25.3 |      19 |       5 |  20.8
        D:4 |     201 |      38 |  15.9 |      11 |       2 |  15.4
            +---------+---------+-------+---------+---------+-------

Illustrated notes

Table legend:
 A = Kills in this place as a percentage of kills in entire the game.
 B = Kills by you in this place as a percentage of kills by you in the entire game.
 C = Kills by friends in this place as a percentage of kills by friends in the entire game.
 D = Other kills in this place as a percentage of other kills in the entire game.
 E = Experience gained in this place as a percentage of experience gained in the entire game.
 F = Experience gained in this place divided by the number of levels of this place that you have seen.
                   A       B       C       D       E      F
               +-------+-------+-------+-------+-------+----------------------
         Total | 100.0 | 100.0 | 100.0 |   N/A | 100.0 | 116.2
       Dungeon | 100.0 | 100.0 | 100.0 |   N/A | 100.0 | 116.2
               +-------+-------+-------+-------+-------+----------------------

Table legend: (Time is in decaauts)
 A = Elapsed time spent in this place.
 B = Non-inter-level travel time spent in this place.
 C = Inter-level travel time spent in this place.
 D = Time resting spent in this place.
 E = Time spent auto-exploring this place.
 F = Levels seen in this place.
 G = Mean time per level.
                   A        B        C        D        E       F      G
               +--------+--------+--------+--------+--------+-----+--------+
         Total |   4544 |   4465 |     79 |    315 |   3567 |   4 | 1136.0 |
       Dungeon |   4544 |   4465 |     79 |    315 |   3567 |   4 | 1136.0 |
               +--------+--------+--------+--------+--------+-----+--------+

Top non-repeatable levels by time:
     D:1: 1413 daAuts
     D:2: 1189 daAuts
     D:3: 1177 daAuts
     D:4: 765 daAuts
